 Dungeon Crawl Stone Soup version 0.21-b1-21-g86478ac (webtiles) character file.

704 Mgcat the Digger (level 7, -2/37 HPs)
             Began as a Gargoyle Earth Elementalist on Jan 4, 2018.
             Slain by Duvessa
             ... wielding a +0 rapier
              (7 damage)
             ... on level 3 of the Dungeon.
             The game lasted 00:23:17 (4262 turns).

Mgcat the Digger (Gargoyle Earth Elementalist)      Turns: 4262, Time: 00:23:17

Health: -2/37      AC: 11    Str: 12    XL:     7   Next: 66%
Magic:  1/14       EV: 12    Int: 17    God:
Gold:   220        SH:  0    Dex: 10    Spells: 11/15 levels left

rFire    . . .     SeeInvis .   m - +3 quarterstaff (chaos)
rCold    + . .     Gourm    .   (shield currently unavailable)
rNeg     + . .     Faith    .   c - +0 robe
rPois    ∞         Spirit   .   s - +1 helmet
rElec    +         Reflect  .   y - +2 cloak
rCorr    .         Harm     .   (no gloves)
MR       .....                  (no boots)
Stlth    +++.......             (no amulet)
HPRegen  0.12/turn              u - ring of stealth
MPRegen  0.14/turn              z - ring of protection from cold

@: no status effects
A: negative energy resistance 1, electricity resistance, unbreathing,
petrification resistance, rot immunity, AC +4
a: no special abilities


You were on level 3 of the Dungeon.
You were hungry.

You visited 1 branch of the dungeon, and saw 4 of its levels.

You collected 220 gold pieces.

Inventory:

Hand Weapons
 m - a +3 quarterstaff of chaos (weapon)
Missiles
 b - 17 stones (quivered)
Armour
 c - a +0 robe (worn)
 s - a +1 helmet (worn)
 y - a +2 cloak (worn)
Jewellery
 u - a ring of stealth (left hand)
 z - a ring of protection from cold (right hand)
Scrolls
 a - a scroll of random uselessness {unknown}
 f - 4 scrolls of amnesia
 h - a scroll of identify {unknown}
 j - 2 scrolls of teleportation {unknown}
 k - a scroll of enchant armour {unknown}
 l - a scroll of enchant weapon {unknown}
 n - a scroll of magic mapping {unknown}
 q - a scroll of immolation {unknown}
 w - a scroll of remove curse
 x - a scroll of noise {unknown}
Potions
 g - a potion of berserk rage {unknown}
 i - a potion of ambrosia {unknown}
 o - a potion of degeneration {unknown}
 p - a potion of haste {unknown}
 r - 3 potions of curing {unknown}
 t - a potion of magic {unknown}
 A - a potion of agility {unknown}
Books
 e - a book of Geomancy

   Spells                             Type                      Level
   a - Sandblast                      Earth                        1
   b - Passwall                       Transmutation/Earth          2
   c - Stone Arrow                    Conjuration/Earth            3
   d - Petrify                        Transmutation/Earth          4
   e - Lee's Rapid Deconstruction     Earth                        5
Comestibles
 d - 6 rations
 v - 7 chunks of flesh


   Skills:
 + Level 0.6 Fighting
 + Level 1.7 Dodging
 - Level 2.1 Stealth
 + Level 4.8 Spellcasting
 + Level 4.1 Conjurations
   Level 0.7 Transmutations
 + Level 6.9 Earth Magic


You had 11 spell levels left.
You knew the following spells:

 Your Spells              Type           Power        Failure   Level  Hunger
a - Sandblast             Erth           ####..       1%          1    None
b - Stone Arrow           Conj/Erth      ###...       4%          3    ###....


Dungeon Overview and Level Annotations

Branches:
Dungeon (4/15)
 Temple: D:4-7

Altars:
Ashenzari
Cheibriados
Gozag
The Shining One

Annotations:
D:3 Duvessa
D:4 Menkaure


Innate Abilities, Weirdness & Mutations

You are resistant to torment.
Your stone body is resilient. (AC +4)
You are immune to poison.
You resist negative energy. (rN+)
You are resistant to electric shocks. (rElec)
You can survive without breathing.
You are immune to petrification.
You are immune to rotting.


Message History

Aim: Duvessa, wielding a rapier and wearing a leather armour (moderately wounded, berserk, fast, unusually strong)
The blast of sand hits Duvessa.
Duvessa is heavily wounded.
b - 18 stones Duvessa hits you with a rapier!
* * * LOW HITPOINT WARNING * * *
Inscribe with what?
Okay, then.
Unknown command.
Casting: Sandblast
Confirm with . or Enter, or press ? or * to list all spells.
Aiming: Sandblast
Press: ? - help, Shift-Dir - straight line, f/p - Duvessa
Aim: Duvessa, wielding a rapier and wearing a leather armour (heavily wounded, berserk, fast, unusually strong)
The blast of sand hits Duvessa.
Duvessa is severely wounded.
b - 17 stones Duvessa hits you with a rapier!
You die...

#..########...#
##.##.....#...#
#.##.....#...#
#.##.....#...#
#.##.....#########
#.##..............
##########.##..............
#........e.##...........)..
#.........@##...........###
#..........#####........#
#..........# #........#
#..........# #........#
#..........# #........#
#..........# #........#
#..........#####........#
#.......................#
#.........######........#


You could see Duvessa (berserk).

Vanquished Creatures
  The ghost of adept the Grave Robber, an amateur GnNe (D:4)
  An ice beast (D:4)
  Dowan (D:4)
  The ghost of amaril the Cudgeler, a weakling HuWn of Ashenzari (D:3)
  Crazy Yiuf (D:2)
  2 orc priests (D:4)
  2 orc wizards
  A hound skeleton (D:4)
  A gnoll (D:2)
  8 adders
  2 adder skeletons (D:4)
  3 worms
  4 dart slugs
  2 leopard geckos
  8 orcs
  2 giant cockroaches (D:2)
  6 goblins
  6 hobgoblins
  2 jackals (D:2)
  A quokka (D:2)
  8 bats
  4 frilled lizards
  7 kobolds
  10 rats
84 creatures vanquished.

Notes
Turn   | Place    | Note
-------+----------+-------------------------------------------
     0 | D:1      | Mgcat the Gargoyle Earth Elementalist began the quest for the Orb.
     0 | D:1      | Reached XP level 1. HP: 10/10 MP: 3/3
   187 | D:1      | Reached XP level 2. HP: 2/15 MP: 1/5
   455 | D:1      | Reached skill level 4 in Earth Magic
  1036 | D:1      | Reached XP level 3. HP: 19/19 MP: 6/6
  1668 | D:2      | Found a snail-covered altar of Cheibriados.
  1680 | D:2      | Reached XP level 4. HP: 24/24 MP: 6/8
  2014 | D:2      | Found a glowing golden altar of the Shining One.
  2017 | D:2      | Found a shattered altar of Ashenzari.
  2081 | D:2      | Learned a level 3 spell: Stone Arrow
  2174 | D:2      | Reached skill level 5 in Earth Magic
  2478 | D:2      | Found a runed door.
  2482 | D:2      | Noticed Crazy Yiuf
  2486 | D:2      | Killed Crazy Yiuf
  2486 | D:2      | Reached skill level 1 in Conjurations
  2486 | D:2      | Reached XP level 5. HP: 28/28 MP: 4/10
  3134 | D:3      | Noticed amaril's ghost (weakling HuWn)
  3156 | D:3      | Killed amaril's ghost
  3156 | D:3      | Reached XP level 6. HP: 24/32 MP: 4/11
  3347 | D:4      | Noticed an ice beast
  3361 | D:4      | Killed an ice beast
  3361 | D:4      | Reached skill level 6 in Earth Magic
  3604 | D:4      | Noticed adept's ghost (amateur GnNe)
  3628 | D:4      | Killed adept's ghost
  3628 | D:4      | Reached XP level 7. HP: 36/36 MP: 5/13
  4174 | D:4      | Found an opulent altar of Gozag.
  4237 | D:4      | Noticed Dowan
  4244 | D:4      | Noticed Duvessa
  4248 | D:4      | Killed Dowan
  4250 | D:4      | Noticed Menkaure
  4262 | D:3      | Slain by Duvessa

Skill      XL: |  1  2  3  4  5  6  7 |
---------------+----------------------+-----
Earth Magic    | 4 5 6 |  6.9
Spellcasting   | 3 4 |  4.8
Conjurations   | 1 2 3 4 |  4.1
Fighting       | |  0.6
Dodging        | |  1.7
Stealth        | |  2.1
Transmutations | |  0.7

Action                   |  1- 3 |  4- 6 |  7- 9 || total
-------------------------+-------+-------+-------++-------
Melee: Club              |    74 |       |       ||    74
       Spear             |    10 |    92 |       ||   102
       Quarterstaff      |       |    84 |    16 ||   100
Throw: Stone             |       |     9 |     1 ||    10
 Cast: Sandblast         |    11 |    24 |     8 ||    43
       Stone Arrow       |       |     2 |     7 ||     9
  Use: Scroll            |       |     2 |       ||     2
 Stab: Sleeping          |     1 |     3 |     1 ||     5
  Eat: Chunk             |     3 |     6 |     2 ||    11
Armor: Robe              |    37 |    74 |     5 ||   116
Dodge: Dodged            |    59 |   145 |    14 ||   218
